Map: Orbital Shipyard

Players

万能虚空王 (XiGua)

  • Race: Zerg Zerg
  • League: Master

hydra - Winner!

  • Race: Zerg Zerg
  • League: Master

Event: NationWars III

VOD

Have the link to the VOD?

Description

Time

  • Played on: Jan. 2, 2016, 11:07 a.m.
  • Length: 9:28
Show
View Real Time Build Order
Export as new Build Order

万能虚空王 Zerg 

Build Orders: Hatch First 

Get SALT Encoding   

  12  0:01  Drone  
  13  0:08  Drone  
  14  0:17  Overlord  
  14  0:22  Extractor  
  14  0:23  Drone  
  15  0:36  Drone x2  
  17  0:52  Hatchery  
  17  0:54  Drone  
  17  0:58  Drone  
  17  1:02  Extractor  
  17  1:14  Spawning Pool  
  17  1:17  Drone  
  17  1:20  Drone  
  18  1:27  Drone  
  19  1:40  Overlord  
  21  2:01  Zergling x4, Queen  
  21  2:03  Queen  
  21  2:04  Zergling x2  
  26  2:09  Metabolic Boost  
  26  2:13  Drone  
  27  2:17  Drone  
  28  2:26  Drone  
  28  2:27  Drone  
  30  2:35  Baneling Nest, Drone  
  30  2:38  Drone  
  31  2:52  Hatchery  
  31  2:56  Overlord  
  30  3:06  Zergling x2  
  30  3:09  Zergling x6  
  33  3:14  Drone x3  
  36  3:26  Drone x3  
  39  3:27  Drone  
  39  3:28  Drone  
  41  3:34  Zergling x2  
  41  3:39  Drone  
  43  3:41  Overlord  
  43  3:45  Overlord  
  43  3:48  Baneling x2  
  43  3:52  Overlord  
  43  3:54  Drone  
  43  4:02  Overlord  
  42  4:05  Zergling x8  
  42  4:08  Queen  
  47  4:13  Overlord  
  47  4:17  Roach Warren, Zergling x2  
  46  4:19  Baneling x2  
  46  4:20  Zergling x2  
  46  4:21  Zergling x2  
  46  4:24  Zergling x2  
  49  4:26  Drone  
  49  4:36  Zergling x4  
  50  4:42  Drone  
  50  4:43  Drone  
  52  4:45  Drone  
  52  4:46  Extractor  
  52  4:47  Drone  
  52  4:49  Drone  
  52  4:50  Drone x3  
  56  4:53  Drone x2  
  56  4:57  Drone  
  59  5:01  Drone x2  
  60  5:10  Drone  
  60  5:11  Roach x2  
  60  5:12  Overlord  
  62  5:15  Roach x2  
  62  5:18  Roach x2  
  69  5:23  Roach x3  
  69  5:27  Roach  
  77  5:30  Extractor  
  77  5:31  Overlord  
  77  5:33  Overlord  
  76  5:39  Extractor  
  76  5:43  Roach x3, Zergling x2  
  76  5:44  Evolution Chamber  
  76  5:47  Drone x2  
  79  5:50  Drone  
  79  5:54  Drone  
  78  5:59  Drone x6  
  84  6:07  Lair  
  84  6:09  Drone  
  84  6:10  Drone x2  
  87  6:11  Drone  
  87  6:13  Drone  
  87  6:17  Drone x2  
  87  6:18  Drone, Extractor  
  91  6:22  Drone  
  91  6:25  Zerg Missile Weapons Level 1  
  87  6:27  Drone x2  
  87  6:28  Extractor  
  87  6:31  Drone x2  
  90  6:33  Drone  
  90  6:35  Drone x2  
  90  6:38  Drone x2  
  95  6:41  Drone  
  95  6:43  Pneumatized Carapace  
  96  6:49  Drone  
  96  6:51  Drone x3  
  96  6:52  Zergling x8  
  104  6:54  Ravager x2  
  104  6:55  Ravager x2  
  104  6:56  Overlord  
  104  6:58  Zergling x4  
  110  7:02  Overlord  
  110  7:05  Zergling x6  
  113  7:08  Overlord  
  113  7:16  Overlord  
  113  7:19  Glial Reconstitution  
  113  7:20  Hatchery  
  113  7:21  Overseer  
  112  7:28  Queen  
  112  7:29  Roach  
  116  7:30  Roach x2  
  116  7:32  Roach x2  
  122  7:37  Roach x3  
  128  7:50  Roach x4  
  136  7:53  Roach x2  
  136  7:54  Hatchery  
  139  8:01  Roach x3  
  139  8:04  Overlord x2  
  145  8:07  Ravager  
  145  8:09  Overlord  
  145  8:15  Overlord  
  142  8:23  Roach  
  142  8:24  Roach x9  
  142  8:27  Roach  
  150  8:31  Roach  
  147  8:46  Hatchery, Roach x6  
  147  8:48  Ravager  
  132  9:03  Roach x3  
  132  9:04  Roach x2  
  132  9:05  Roach  
  132  9:08  Roach x3  
Show
View Real Time Build Order
Export as new Build Order

hydra Zerg - Winner!

Build Orders: Hatch First, Zergling Baneling 

Get SALT Encoding   

  12  0:00  Drone  
  13  0:12  Overlord  
  13  0:16  Drone  
  14  0:30  Drone x2  
  14  0:34  Drone  
  17  0:51  Hatchery  
  17  0:53  Drone  
  17  0:56  Drone  
  18  1:08  Extractor  
  17  1:12  Spawning Pool  
  17  1:14  Drone  
  17  1:18  Drone  
  18  1:27  Drone  
  19  1:37  Overlord  
  19  1:59  Queen  
  19  2:00  Drone, Zergling x2  
  23  2:02  Queen  
  23  2:03  Drone  
  26  2:09  Metabolic Boost  
  26  2:10  Drone  
  26  2:14  Drone  
  28  2:22  Drone  
  29  2:28  Baneling Nest  
  28  2:31  Drone  
  31  2:37  Overlord  
  31  2:41  Zergling x2  
  31  2:42  Zergling x2  
  33  2:48  Drone  
  34  2:56  Drone x2  
  34  3:06  Drone  
  34  3:07  Drone  
  34  3:08  Drone x3  
  34  3:12  Drone x3  
  42  3:19  Hatchery, Drone  
  42  3:24  Overlord  
  42  3:30  Drone  
  42  3:32  Baneling x2  
  43  3:42  Queen  
  43  3:44  Zergling x2  
  43  3:45  Zergling x10  
  50  3:51  Zergling x2  
  50  3:53  Overlord  
  50  3:54  Overlord  
  51  3:57  Extractor  
  51  4:02  Zergling x2  
  51  4:05  Baneling x2  
  51  4:07  Drone  
  51  4:08  Drone  
  51  4:13  Drone  
  52  4:20  Drone x4  
  52  4:23  Roach Warren  
  55  4:24  Drone x2  
  55  4:26  Drone  
  57  4:32  Lair  
  57  4:34  Drone  
  57  4:35  Drone  
  58  4:40  Baneling  
  58  4:43  Drone x2  
  59  4:49  Evolution Chamber  
  59  4:50  Zergling x16  
  59  4:52  Baneling x2  
  66  4:55  Drone  
  66  4:56  Drone, Baneling  
  68  5:01  Drone  
  68  5:05  Roach x2  
  70  5:10  Roach  
  70  5:13  Baneling x2  
  71  5:15  Baneling x2  
  71  5:18  Drone  
  72  5:21  Roach  
  72  5:22  Overlord  
  72  5:23  Overlord x3  
  72  5:26  Zerg Missile Weapons Level 1, Extractor  
  73  5:31  Drone  
  73  5:32  Drone  
  74  5:42  Drone  
  74  5:43  Drone x2  
  74  5:45  Drone  
  74  5:48  Drone x2  
  78  5:51  Drone x4  
  78  5:52  Roach  
  78  5:54  Roach  
  84  5:57  Roach x3  
  84  5:58  Roach  
  84  6:01  Extractor  
  84  6:02  Overlord  
  84  6:03  Hatchery  
  87  6:06  Roach  
  89  6:12  Roach x5  
  99  6:19  Overlord  
  99  6:20  Overlord x2  
  99  6:22  Roach x2  
  102  6:29  Roach  
  102  6:30  Roach x2  
  108  6:33  Overlord x2  
  108  6:39  Glial Reconstitution  
  108  6:43  Extractor  
  108  6:46  Drone  
  108  6:50  Drone  
  108  6:51  Drone x2, Pneumatized Carapace  
  108  6:52  Drone  
  108  6:53  Drone x2, Extractor  
  113  6:54  Drone  
  113  6:56  Overseer  
  113  6:57  Overseer  
  114  7:03  Hatchery  
  114  7:04  Overlord  
  114  7:05  Overlord  
  114  7:06  Overlord  
  113  7:12  Drone  
  114  7:17  Roach x9  
  114  7:21  Overlord x3  
  132  7:39  Roach x8  
  148  7:45  Drone x2  
  152  7:51  Roach x4  
  152  7:52  Roach x4  
  152  7:57  Roach  
  152  7:58  Roach x3  
  174  8:03  Extractor x2  
  174  8:04  Overlord  
  174  8:05  Roach x2  
  176  8:06  Roach  
  178  8:14  Roach  
  178  8:15  Roach x5  
  174  8:31  Roach  
  174  8:32  Roach x8  
  186  8:36  Roach x2  
  186  8:37  Roach  
  192  8:43  Roach x3  
  192  8:46  Roach  
  190  9:01  Roach x8  
  194  9:10  Overlord x2  
Tags
 
Add a new tag
Caveats
  • Supply blocks, unpowered buildings, or Contaminate may cause inaccurate times.
  • Supply counts are checked every 10 seconds.